[Event "Titled Tuesday Blitz June 20 Early 2023"]
[White "Gomez Barrera, Javiera Belen"]
[Black "Arabidze, Meri"]
[WhiteFideId "3418723"]
[BlackFideId "13604040"]
[WhiteElo "2119"]
[BlackElo "2405"]
[Result "0-1"]
[Round "6"]
[TimeControl "180+2"]
[Date "2023.06.20"]
[WhiteClock "0:00:00"]
[BlackClock "0:01:33"]
[Board "82"]

1. e4 c5 2. Nf3 e6 3. d4 cxd4 4. Nxd4 Nc6 5. Nc3 a6 6. Be3 Qc7 7. Qf3 Bb4 8. Nxc6 dxc6 9. Bd2 Nf6 10. a3 Bd6 11. g4 O-O 12. g5 Nd7 13. O-O-O b5 14. Qe3 e5 15. h4 a5 16. Ne2 Nc5 17. Ng3 b4 18. Bc4 Be6 19. Bxe6 Nxe6 20. a4 Bc5 21. Qe1 Qb6 22. Be3 b3 23. c3 Rad8 24. Nf5 Qa6 25. Qf1 Rxd1+ 26. Kxd1 Rd8+ 27. Kc1 Rd3 28. h5 Qc4 29. Bd2 Nf4 30. g6 Qxa4 31. Kb1 Qa2+ 0-1


[Site "https://www.chess.com"]

[Event "Titled Tuesday Blitz June 20 Early 2023"]
[White "Timerkhanov, Alexander"]
[Black "Womacka, Mathias"]
[WhiteFideId "24177938"]
[BlackFideId "4611390"]
[WhiteElo "2278"]
[BlackElo "2377"]
[Result "1/2-1/2"]
[Round "6"]
[TimeControl "180+2"]
[Date "2023.06.20"]
[WhiteClock "0:00:07"]
[BlackClock "0:00:04"]
[Board "83"]

1. d4 Nf6 2. Bg5 Ne4 3. h4 c5 4. d5 Qb6 5. Nd2 Nxg5 6. hxg5 Qxb2 7. g6 fxg6 8. e3 d6 9. Bd3 Bf5 10. e4 Bd7 11. Rb1 Qxa2 12. Rxb7 e5 13. dxe6 Qxe6 14. Ngf3 Be7 15. Bc4 Qg4 16. Qb1 Nc6 17. O-O Rd8 18. Re1 Bf6 19. Qa2 Rf8 20. Bb5 Nd4 21. Bxd7+ Rxd7 22. Qxa7 Rxb7 23. Qxb7 Nxf3+ 24. Nxf3 Qd7 25. Qd5 Ke7 26. e5 dxe5 27. Qxc5+ Qd6 28. Qa7+ Qd7 29. Qa5 Kf7 30. Qa2+ Qe6 31. Qa7+ Qe7 32. Qb6 Kg8 33. c4 Rc8 34. Nd2 Qc5 35. Qe6+ Kh8 36. Ne4 Qc6 37. Qf7 Qxc4 38. Nd6 Qxf7 39. Nxf7+ Kg8 40. Nd6 Rd8 41. Ne4 Kf7 42. f3 Ke6 43. Rb1 Kf5 44. Rb6 h5 45. Kh2 h4 46. Rb5 Rd1 47. Rb6 Rc1 48. Nd6+ Kg5 49. Ne4+ Kf5 50. Nd6+ Kg5 51. Ne4+ Kf5 1/2-1/2


[Site "https://www.chess.com"]

[Event "Titled Tuesday Blitz June 20 Early 2023"]
[White "Moskvin, Anatoly"]
[Black "Bauman_Guy"]
[WhiteFideId "24199990"]
[WhiteElo "2104"]
[BlackElo "2650"]
[Result "1/2-1/2"]
[Round "6"]
[TimeControl "180+2"]
[Date "2023.06.20"]
[WhiteClock "0:00:20"]
[BlackClock "0:01:01"]
[Board "84"]

1. e4 c5 2. Nc3 e6 3. Nge2 Nc6 4. g3 Nf6 5. Bg2 d5 6. exd5 exd5 7. d4 Bg4 8. Be3 cxd4 9. Bxd4 Bb4 10. O-O O-O 11. Bxf6 Qxf6 12. Nxd5 Qxb2 13. h3 Bh5 14. Rb1 Qa3 15. Rb3 Qa5 16. g4 Bg6 17. Nxb4 Nxb4 18. Qe1 Nc6 19. Rxb7 Qa6 20. Rc7 Rac8 21. Rxc8 Rxc8 22. Qc3 Qxe2 23. Re1 Qxc2 24. Qxc2 Bxc2 25. Bxc6 Kf8 26. Bd5 Rc7 27. Rc1 Rd7 28. Bxf7 Kxf7 29. Rxc2 h5 30. Kg2 hxg4 31. hxg4 Kg6 32. Rc6+ Kg5 33. Kg3 Rd3+ 34. f3 Ra3 35. Rc5+ Kh6 36. Rc2 g5 37. Kf2 Kg6 38. Ke2 Kf6 39. Kf2 a5 40. Re2 a4 41. Kg3 Kf7 42. Kf2 Kf6 43. Kg3 1/2-1/2


[Site "https://www.chess.com"]

[Event "Titled Tuesday Blitz June 20 Early 2023"]
[White "Haug, Havard"]
[Black "Begunov, Konstantin"]
[WhiteFideId "1547887"]
[BlackFideId "4118510"]
[WhiteElo "2396"]
[BlackElo "1993"]
[Result "1/2-1/2"]
[Round "6"]
[TimeControl "180+2"]
[Date "2023.06.20"]
[WhiteClock "0:01:45"]
[BlackClock "0:00:33"]
[Board "85"]

1. e4 c5 2. c3 Nf6 3. e5 Nd5 4. Nf3 Nc6 5. Bc4 Nb6 6. Bb3 d5 7. exd6 e6 8. O-O Bxd6 9. d4 cxd4 10. Nxd4 Nxd4 11. cxd4 O-O 12. Nc3 Bd7 13. d5 exd5 14. Nxd5 Nxd5 15. Bxd5 Qc7 16. h3 Bb5 17. Re1 Bc6 18. Bxc6 Qxc6 19. Be3 Rfd8 20. Qg4 a6 21. Rad1 Qb5 22. Bd4 Bf8 23. Bc3 Rd5 24. Rxd5 Qxd5 25. Re7 Qxa2 26. Rxb7 Rd8 27. Rd7 Rxd7 28. Qxd7 Qb1+ 29. Kh2 Qe4 30. Qc8 Qf4+ 31. Kg1 Qc1+ 32. Kh2 Qf4+ 33. Kg1 Qc1+ 34. Kh2 Qf4+ 1/2-1/2


[Site "https://www.chess.com"]

[Event "Titled Tuesday Blitz June 20 Early 2023"]
[White "Souleidis, Georgios"]
[Black "Savitha Shri B"]
[WhiteFideId "4206827"]
[BlackFideId "35061887"]
[WhiteElo "2401"]
[BlackElo "2172"]
[Result "1-0"]
[Round "6"]
[TimeControl "180+2"]
[Date "2023.06.20"]
[WhiteClock "0:00:30"]
[BlackClock "0:00:18"]
[Board "86"]

1. e4 c5 2. Be2 d6 3. d3 e6 4. f4 Nf6 5. Nf3 Be7 6. O-O Nc6 7. c3 a6 8. Kh1 O-O 9. Be3 b5 10. a3 Bb7 11. Nbd2 Rc8 12. Rc1 Qc7 13. d4 cxd4 14. cxd4 Qb8 15. Bd3 e5 16. fxe5 dxe5 17. d5 Nd8 18. b4 Ng4 19. Bg1 Qd6 20. Nb3 Qh6 21. Nc5 Ba8 22. Nd7 Rxc1 23. Qxc1 Re8 24. Qxh6 gxh6 25. h3 Nf6 26. Nfxe5 Nh5 27. Bh2 Bd6 28. Ng4 Bxh2 29. Ngf6+ Nxf6 30. Nxf6+ Kf8 31. Nxe8 Be5 32. Nf6 Bb2 33. Nd7+ Ke7 34. Nc5 Bxa3 35. Nxa6 Bb7 36. Nc5 Bc8 37. Rb1 Nb7 38. Nxb7 1-0


[Site "https://www.chess.com"]

[Event "Titled Tuesday Blitz June 20 Early 2023"]
[White "Sadykov, Ramil"]
[Black "Itkis, Boris"]
[WhiteFideId "24113590"]
[BlackFideId "1209167"]
[WhiteElo "2245"]
[BlackElo "2219"]
[Result "1-0"]
[Round "6"]
[TimeControl "180+2"]
[Date "2023.06.20"]
[WhiteClock "0:00:05"]
[BlackClock "0:00:04"]
[Board "87"]

1. Nf3 d5 2. g3 Nd7 3. c4 dxc4 4. Na3 Nb6 5. Nxc4 Nxc4 6. Qa4+ Bd7 7. Qxc4 Bc6 8. e4 Nf6 9. Ne5 e6 10. Nxc6 bxc6 11. Qxc6+ Nd7 12. Bb5 Rb8 13. b3 Rxb5 14. Qxb5 Qf6 15. Rb1 Qf3 16. O-O h5 17. b4 h4 18. Rb3 Qxe4 19. Re3 Qa8 20. Rd3 Bd6 21. Bb2 h3 22. f3 Ke7 23. Qg5+ Ke8 24. Qxg7 Rf8 25. Qh6 Qb7 26. Qxh3 Qxb4 27. Bc3 Qc4 28. Re3 Bc5 29. d4 Bxd4 30. Bxd4 Qxd4 31. Re1 Ne5 32. Kg2 Nc4 33. R3e2 c5 34. Qg4 Qd5 35. Rc2 Ne5 36. Qa4+ Ke7 37. Qxa7+ Kf6 38. Qa3 c4 39. Qc3 Rd8 40. Rce2 Qd4 41. Qxd4 Rxd4 42. Rxe5 c3 43. Rc5 Rd2+ 44. Kh3 Rxa2 45. Rxc3 Kg6 46. Rc4 f5 47. Rxe6+ Kg5 48. Rc5 Rxh2+ 49. Kxh2 Kh5 50. Rxf5# 1-0


[Site "https://www.chess.com"]

[Event "Titled Tuesday Blitz June 20 Early 2023"]
[White "Herzog2012"]
[Black "Fiorito, Joaquin"]
[BlackFideId "180173"]
[WhiteElo "2433"]
[BlackElo "2199"]
[Result "0-1"]
[Round "6"]
[TimeControl "180+2"]
[Date "2023.06.20"]
[WhiteClock "0:00:48"]
[BlackClock "0:02:31"]
[Board "88"]

1. e4 c5 2. Nf3 d6 3. d4 cxd4 4. Nxd4 Nf6 5. Nc3 a6 6. Bg5 Nbd7 7. f4 Qc7 8. Qf3 h6 9. Bh4 g5 10. fxg5 hxg5 11. Bxg5 Qc5 12. Be3 Ne5 13. Qe2 Neg4 14. Bg1 Bh6 15. h3 Bf4 16. Qf3 Qg5 17. g3 Bd2+ 18. Kd1 Ne5 19. Qd3 Nxd3 0-1


[Site "https://www.chess.com"]

[Event "Titled Tuesday Blitz June 20 Early 2023"]
[White "Kotepalli, Sai Nirupama"]
[Black "Domingo Nunez, Alejandro"]
[WhiteFideId "5039444"]
[BlackFideId "22245561"]
[WhiteElo "2411"]
[BlackElo "2291"]
[Result "0-1"]
[Round "6"]
[TimeControl "180+2"]
[Date "2023.06.20"]
[WhiteClock "0:00:00"]
[BlackClock "0:00:04"]
[Board "89"]

1. d4 g6 2. Bf4 Bg7 3. e3 Nf6 4. h3 b6 5. Nf3 Bb7 6. Bd3 d6 7. c3 Nbd7 8. Nbd2 O-O 9. O-O Qe8 10. e4 e5 11. dxe5 dxe5 12. Bg3 Nh5 13. b4 Nxg3 14. fxg3 a5 15. a4 Qe7 16. Qb3 Rad8 17. Bc4 Bh6 18. Rad1 Kg7 19. Kh1 Ba8 20. Bb5 Nf6 21. bxa5 Nxe4 22. Nxe4 Bxe4 23. axb6 cxb6 24. Be2 Be3 25. Rde1 Qc5 26. Bc4 f5 27. Re2 Rc8 28. Be6 Rc6 29. Bd7 Rc7 30. Bb5 Rd8 31. g4 Re7 32. Nh2 f4 33. Nf3 Rc7 34. Ng5 Bd5 35. Ne6+ Bxe6 36. Qxe6 Qxc3 37. g5 Rf8 38. Qd6 Qc5 39. Qd3 Re7 40. h4 e4 41. Qb3 h6 42. Qb2+ Kh7 43. gxh6 Kxh6 44. g3 f3 45. Rh2 Rf5 46. Qh8+ Rh7 47. Qd8 Qe7 48. Qd1 Kg7 49. g4 Rf4 50. Qe1 Rxg4 51. Qxe3 Rhxh4 52. Rf2 Qd6 53. Qc3+ Kh7 54. Rd2 Qg3 0-1


[Site "https://www.chess.com"]

[Event "Titled Tuesday Blitz June 20 Early 2023"]
[White "Bogaudinov, Rushan"]
[Black "Jakubowski, Krzysztof"]
[WhiteFideId "4129288"]
[BlackFideId "1112848"]
[WhiteElo "1967"]
[BlackElo "2359"]
[Result "1-0"]
[Round "6"]
[TimeControl "180+2"]
[Date "2023.06.20"]
[WhiteClock "0:00:10"]
[BlackClock "0:00:00"]
[Board "90"]

1. d4 d5 2. g3 c6 3. Bg2 Bf5 4. Nf3 e6 5. Nh4 Bg4 6. c4 Be7 7. Nf3 Nd7 8. Nc3 Ngf6 9. O-O dxc4 10. Nd2 Nb6 11. a4 a5 12. h3 Bh5 13. g4 Bg6 14. Nf3 Nfd5 15. Re1 Nxc3 16. bxc3 Be4 17. Bd2 h5 18. g5 Bxf3 19. Bxf3 Bxg5 20. Bg2 Nd5 21. e3 Rb8 22. f4 Bh4 23. Rf1 f5 24. Qe2 Qd6 25. Qxc4 g5 26. e4 fxe4 27. Bxe4 gxf4 28. Kh1 Bg3 29. Qe2 Nf6 30. Bg2 Rf8 31. c4 Kd7 32. Bxa5 Ng4 33. Rab1 Ne3 34. Bb4 Qc7 35. Bxf8 Rxf8 36. Rf3 Nxg2 37. Kxg2 Rf6 38. Qe5 Qxe5 39. dxe5 Rf5 40. Rxb7+ Kc8 41. Rfb3 Rxe5 42. Ra7 Rc5 43. Rc3 e5 44. Kf3 Kb8 45. Rh7 Ra5 46. Rb3+ Kc8 47. Rbb7 Rxa4 48. Rbg7 Ra3+ 49. Ke4 Re3+ 50. Kf5 Rd3 51. Rc7+ Kb8 52. Rb7+ Ka8 53. Ra7+ Kb8 54. Rab7+ Ka8 55. Ra7+ Kb8 56. Ke4 Rd4+ 57. Kxe5 Rxc4 58. Rab7+ Ka8 59. Rbg7 f3+ 60. Rxg3 f2 61. Rf7 Rc5+ 62. Kd6 Rd5+ 63. Kxc6 Rg5 64. Rxg5 f1=Q 65. Rxf1 Ka7 66. Rf7+ Ka6 67. Rgf5 h4 68. R7f6 Ka7 69. Ra5+ 1-0


[Site "https://www.chess.com"]

[Event "Titled Tuesday Blitz June 20 Early 2023"]
[White "Ahmad, Khagan"]
[Black "Alahakoon, Isuru"]
[WhiteFideId "13431552"]
[BlackFideId "9900993"]
[WhiteElo "2209"]
[BlackElo "1819"]
[Result "1-0"]
[Round "6"]
[TimeControl "180+2"]
[Date "2023.06.20"]
[WhiteClock "0:00:59"]
[BlackClock "0:00:36"]
[Board "91"]

1. e4 d5 2. exd5 Qxd5 3. Nc3 Qa5 4. d4 Nf6 5. Bc4 Bg4 6. Nf3 Nc6 7. Be3 O-O-O 8. h3 Bh5 9. g4 Bg6 10. Qe2 e5 11. O-O-O Bb4 12. dxe5 Bxc3 13. exf6 Bxf6 14. g5 Be7 15. Nh4 Bxg5 16. Qg4+ f5 17. Qxg5 Ne5 18. Bb3 h6 19. Rxd8+ Rxd8 20. Be6+ 1-0


[Site "https://www.chess.com"]

[Event "Titled Tuesday Blitz June 20 Early 2023"]
[White "Kumsiashvili, Nikoloz"]
[Black "Pavlidou, Ekaterini"]
[WhiteFideId "13600621"]
[BlackFideId "4213262"]
[WhiteElo "2299"]
[BlackElo "2126"]
[Result "1-0"]
[Round "6"]
[TimeControl "180+2"]
[Date "2023.06.20"]
[WhiteClock "0:00:10"]
[BlackClock "0:00:00"]
[Board "92"]

1. c4 e5 2. d3 Nc6 3. Nf3 g6 4. Nc3 Bg7 5. e3 d6 6. Be2 Nge7 7. O-O O-O 8. Rb1 a5 9. a3 h6 10. b4 axb4 11. axb4 Be6 12. d4 exd4 13. exd4 d5 14. b5 Na5 15. c5 Nc4 16. Qb3 c6 17. Rd1 g5 18. Na4 Bf5 19. Bd3 g4 20. Ne1 Bxd4 21. Bxh6 Re8 22. Nc2 Bxd3 23. Rxd3 Nf5 24. Nxd4 Nxd4 25. Rxd4 f5 26. Bf4 Qa5 27. Nc3 Qa3 28. Rdd1 Qxc5 29. bxc6 Ra3 30. Qb4 Qxb4 31. Rxb4 bxc6 32. Nb1 Ra2 33. Nc3 Rc2 34. Na4 Ree2 35. Rf1 Kf7 36. g3 Ke6 37. Nc5+ Ke7 38. Nd3 1-0


[Site "https://www.chess.com"]

[Event "Titled Tuesday Blitz June 20 Early 2023"]
[White "Budrewicz, Krzysztof"]
[Black "Skaric, Djuro"]
[WhiteFideId "1127950"]
[BlackFideId "934569"]
[WhiteElo "2230"]
[BlackElo "2282"]
[Result "1-0"]
[Round "6"]
[TimeControl "180+2"]
[Date "2023.06.20"]
[WhiteClock "0:01:13"]
[BlackClock "0:00:50"]
[Board "93"]

1. d4 d6 2. Nf3 g6 3. c4 Bg7 4. Nc3 Nf6 5. e4 O-O 6. Be2 Nc6 7. d5 Ne5 8. Nxe5 dxe5 9. Be3 Ne8 10. Qd2 f5 11. f3 f4 12. Bf2 g5 13. O-O-O Rf6 14. c5 b6 15. c6 a6 16. h4 gxh4 17. Rxh4 Nd6 18. Rdh1 h6 19. Kb1 Rg6 20. R4h2 e6 21. dxe6 Bxe6 22. Nd5 b5 23. Rd1 Bf7 24. Qc3 Rc8 25. Bh4 Qe8 26. Ne7+ Kh7 27. Nxg6 Bxg6 28. Bf2 Qe6 29. Rhh1 Bf7 30. b3 Ne8 31. Rd2 Nf6 32. Rhd1 Rg8 33. Bf1 Bf8 34. Bc5 Bg7 35. Bf2 Bf8 36. Rd7 Nxd7 37. cxd7 Bd6 38. Bh4 Qxd7 39. Qxe5 Bxe5 40. Rxd7 Kg6 41. Kc2 Rc8 42. Bf2 Be6 43. Re7 Bd6 44. Rxe6+ Kg5 45. e5 Kf5 46. Rxh6 Bxe5 47. Bd3+ Kg5 48. Rg6+ Kh5 49. Rxa6 c5 50. Bxb5 1-0


[Site "https://www.chess.com"]

[Event "Titled Tuesday Blitz June 20 Early 2023"]
[White "Bueno, Alfeu Junior Varela"]
[Black "Zavgorodniy, Sergiy"]
[WhiteFideId "2108879"]
[BlackFideId "14110148"]
[WhiteElo "2175"]
[BlackElo "2402"]
[Result "0-1"]
[Round "6"]
[TimeControl "180+2"]
[Date "2023.06.20"]
[WhiteClock "0:00:00"]
[BlackClock "0:00:51"]
[Board "94"]

1. e4 c6 2. d4 d5 3. f3 dxe4 4. fxe4 e5 5. Nf3 Bg4 6. Bc4 Nd7 7. c3 b5 8. Bb3 Ngf6 9. O-O Bd6 10. Bg5 Qc7 11. h3 Bh5 12. Nbd2 O-O 13. Qe1 Rae8 14. Qh4 exd4 15. cxd4 Bg3 16. Bxf6 Bxh4 17. Bxh4 Bxf3 18. Rxf3 c5 19. dxc5 Nxc5 20. Bd5 Ne6 21. Raf1 Qc2 22. R3f2 Qxb2 23. Nf3 Qc3 24. Nd2 a5 25. Kh1 a4 26. Nf3 b4 27. Bg3 Nc7 28. Bb7 Rb8 29. Be5 Qc4 30. Nd2 Qc5 31. Bd5 Nxd5 32. exd5 Rbd8 33. Ne4 Qxd5 34. Nf6+ gxf6 35. Bxf6 h6 36. Rf5 Qc6 37. R1f3 Kh7 0-1


[Site "https://www.chess.com"]

[Event "Titled Tuesday Blitz June 20 Early 2023"]
[White "Kovacsy, Barnabas"]
[Black "Moksh Amit Doshi"]
[WhiteFideId "769290"]
[BlackFideId "25064967"]
[WhiteElo "2130"]
[BlackElo "2297"]
[Result "1-0"]
[Round "6"]
[TimeControl "180+2"]
[Date "2023.06.20"]
[WhiteClock "0:01:13"]
[BlackClock "0:01:38"]
[Board "95"]

1. e4 c5 2. Nf3 e6 3. d4 cxd4 4. Nxd4 Nc6 5. Nc3 Qc7 6. Be3 a6 7. Be2 Nf6 8. O-O Be7 9. f3 b5 10. a3 Bb7 11. Qd2 O-O 12. Rad1 Na5 13. Kh1 Nc4 14. Bxc4 Qxc4 15. Bg5 h6 16. Be3 Rfd8 17. Qf2 Rac8 18. Qg3 Kh8 19. Nb3 Qc7 20. Qf2 Qb8 21. Bb6 Re8 22. Ba7 Qa8 23. Na5 Bxa3 24. bxa3 Rxc3 25. Bd4 Rxa3 26. Nxb7 Qxb7 27. Bxf6 gxf6 28. Qh4 Kg7 29. Qg4+ Kf8 30. Qh4 Ke7 31. Qxh6 Qc8 32. Qd2 Qc6 33. Qb4+ 1-0


[Site "https://www.chess.com"]

[Event "Titled Tuesday Blitz June 20 Early 2023"]
[White "MAHanif"]
[Black "Hajiyev, Kanan"]
[BlackFideId "13404148"]
[WhiteElo "2327"]
[BlackElo "2115"]
[Result "1-0"]
[Round "6"]
[TimeControl "180+2"]
[Date "2023.06.20"]
[WhiteClock "0:00:30"]
[BlackClock "0:00:06"]
[Board "96"]

1. Nf3 d5 2. g3 Nf6 3. Bg2 g6 4. O-O Bg7 5. d3 O-O 6. Nbd2 b6 7. e4 Bb7 8. e5 Nfd7 9. e6 fxe6 10. Ng5 Rf6 11. Re1 Nf8 12. f4 h6 13. Ngf3 c5 14. b3 Nc6 15. Bb2 Rf7 16. Bxg7 Kxg7 17. Qc1 Qd6 18. Qb2+ Kh7 19. Re2 Bc8 20. Rae1 Bd7 21. c3 b5 22. Qc2 Rc8 23. Qd1 a5 24. Bh3 b4 25. c4 Rd8 26. Qa1 Qc7 27. Bg2 a4 28. h4 Ra8 29. Qb2 axb3 30. axb3 Ra3 31. Nb1 Ra6 32. Nbd2 Rf6 33. cxd5 exd5 34. Rxe7+ Nxe7 35. Rxe7+ Kg8 36. Ne5 Qd6 37. Rxd7 Nxd7 38. Ng4 Kg7 39. Nf3 h5 40. Nxf6 Qxf6 41. Ne5 Nxe5 42. fxe5 Qe6 43. d4 cxd4 44. Qxd4 Qb6 45. Qxb6 Rxb6 46. Bxd5 g5 47. hxg5 Kg6 48. e6 Rb8 49. Bc6 Rh8 50. e7 Kf7 51. e8=Q+ Rxe8 52. Bxe8+ Kxe8 53. Kg2 Kf7 54. Kh3 Kg7 55. Kh4 Kg6 56. g4 hxg4 57. Kxg4 Kf7 58. Kf5 Kg7 59. Ke5 Kg6 60. Kd5 Kxg5 61. Kc5 Kf6 62. Kxb4 Ke6 63. Kc5 Kd7 64. Kb6 Kc8 65. b4 Kb8 66. b5 Kc8 67. Ka7 Kc7 68. b6+ 1-0


[Site "https://www.chess.com"]

[Event "Titled Tuesday Blitz June 20 Early 2023"]
[White "Ismayil, Malak"]
[Black "Narayanan.S.L"]
[WhiteFideId "13412604"]
[BlackFideId "5058422"]
[WhiteElo "1868"]
[BlackElo "2563"]
[Result "0-1"]
[Round "6"]
[TimeControl "180+2"]
[Date "2023.06.20"]
[WhiteClock "0:00:03"]
[BlackClock "0:01:16"]
[Board "97"]

1. e4 c6 2. d4 d5 3. Nc3 a6 4. Nf3 Bg4 5. Be2 Bxf3 6. Bxf3 e6 7. O-O Nf6 8. Re1 Bb4 9. Bg5 dxe4 10. Bxf6 Qxf6 11. Nxe4 Qd8 12. c3 Be7 13. Qb3 Qc7 14. g3 O-O 15. Rad1 Nd7 16. Bg2 a5 17. a3 b5 18. Nd2 Rab8 19. Rc1 Nb6 20. Qc2 c5 21. dxc5 Bxc5 22. Ne4 Be7 23. Qe2 Nc4 24. Red1 a4 25. Rc2 Rfd8 26. Nd2 Qd7 27. Bf3 Na5 28. Ne4 Qc7 29. Rxd8+ Qxd8 30. Rd2 Qc7 31. Rd4 Nc4 32. Qc2 h6 33. Nd2 Ne5 34. Bg2 Bc5 35. Re4 Rd8 36. c4 Nd3 37. Re2 bxc4 38. Nxc4 Bxf2+ 39. Rxf2 Qc5 40. Bf1 Nxf2 41. Qxf2 Rd4 42. Ne3 Qd6 43. Qf3 Qb6 44. Qf2 Qb3 45. Nf5 Rd7 46. Nd4 Qd1 47. Nf3 Qd5 48. Bg2 Qb3 49. h4 Rc7 50. Ne5 Qd1+ 51. Kh2 Qc2 52. Qxc2 Rxc2 53. Nd3 Rd2 54. Nc5 Rxb2 55. Nxa4 Ra2 56. Nc3 Rxa3 57. Ne4 f5 58. Nf2 Kf7 59. Bf3 Rxf3 0-1


[Site "https://www.chess.com"]

[Event "Titled Tuesday Blitz June 20 Early 2023"]
[White "Demidov, Mikhail"]
[Black "Dixit, Nikhil"]
[WhiteFideId "4197143"]
[BlackFideId "5059534"]
[WhiteElo "2500"]
[BlackElo "2207"]
[Result "1-0"]
[Round "6"]
[TimeControl "180+2"]
[Date "2023.06.20"]
[WhiteClock "0:00:16"]
[BlackClock "0:00:05"]
[Board "98"]

1. Nf3 Nf6 2. g3 g6 3. b3 Bg7 4. Bb2 O-O 5. Bg2 d6 6. d4 a5 7. O-O a4 8. c4 Ne4 9. Ne1 f5 10. Nc2 c5 11. Qc1 Nc6 12. Rd1 a3 13. Nbxa3 cxd4 14. Nxd4 Qb6 15. e3 Ne5 16. h3 Bd7 17. Nab5 Bc6 18. Nxc6 bxc6 19. Nd4 Nc5 20. Qc2 Rac8 21. a3 Ncd3 22. Rxd3 Nxd3 23. Qxd3 c5 24. b4 cxd4 25. exd4 e5 26. c5 dxc5 27. dxc5 Qc7 28. Qc4+ Kh8 29. c6 f4 30. b5 fxg3 31. fxg3 Qb6+ 32. Kh1 Rf2 33. Bc3 Rcf8 34. Be1 Rxg2 35. Kxg2 Qe3 36. c7 Qf3+ 37. Kh2 e4 38. Rc1 Rc8 39. b6 Be5 40. b7 Rxc7 41. b8=Q+ Kg7 42. Qbxc7+ Bxc7 43. Qxc7+ Kh6 1-0


[Site "https://www.chess.com"]

[Event "Titled Tuesday Blitz June 20 Early 2023"]
[White "MaryanKyrychenko"]
[Black "Csonka, Balazs"]
[BlackFideId "742910"]
[WhiteElo "2516"]
[BlackElo "2404"]
[Result "0-1"]
[Round "6"]
[TimeControl "180+2"]
[Date "2023.06.20"]
[WhiteClock "0:00:14"]
[BlackClock "0:00:07"]
[Board "99"]

1. e4 e6 2. d4 d5 3. Nc3 Bb4 4. e5 c5 5. a3 Bxc3+ 6. bxc3 Qc7 7. Bd2 Ne7 8. Qg4 cxd4 9. cxd4 Qxc2 10. Rc1 Qb2 11. Qxg7 Rf8 12. Bd3 Qxd4 13. Bb5+ Nbc6 14. Nf3 Qe4+ 15. Be3 Bd7 16. O-O Rg8 17. Qf6 Qg6 18. Bg5 h6 19. Qxg6 Nxg6 20. Bxh6 Ngxe5 21. Nxe5 Nxe5 22. Bxd7+ Kxd7 23. Bf4 Nc6 24. Rfd1 Rg4 25. g3 Rag8 26. Kf1 f6 27. h3 R4g7 28. h4 d4 29. Rc5 e5 30. Bd2 Ke6 31. Rb1 Rd7 32. Ke2 Rgg7 33. h5 Rd5 34. Rc2 d3+ 35. Kd1 dxc2+ 36. Kxc2 Nd4+ 37. Kd3 Nf3+ 38. Ke4 Nxd2+ 39. Ke3 Nxb1 0-1


[Site "https://www.chess.com"]

[Event "Titled Tuesday Blitz June 20 Early 2023"]
[White "Rodchenkov, Sergey D."]
[Black "Starozhilov, Leonid"]
[WhiteFideId "4168712"]
[BlackFideId "14106752"]
[WhiteElo "2277"]
[BlackElo "2352"]
[Result "1-0"]
[Round "6"]
[TimeControl "180+2"]
[Date "2023.06.20"]
[WhiteClock "0:00:07"]
[BlackClock "0:00:00"]
[Board "100"]

1. e4 g6 2. d4 Bg7 3. Nc3 d6 4. Be3 a6 5. Qd2 b5 6. h4 h5 7. f3 Nd7 8. Nh3 Ngf6 9. Ng5 Nh7 10. Nxh7 Rxh7 11. a4 b4 12. Ne2 c5 13. c3 Rb8 14. Nf4 bxc3 15. bxc3 Qa5 16. Bc4 e6 17. Ke2 Ke7 18. g4 cxd4 19. cxd4 Qxd2+ 20. Kxd2 hxg4 21. fxg4 Bb7 22. Bd3 Nf6 23. Rab1 Rhh8 24. e5 Nxg4 25. exd6+ Kxd6 26. Rb6+ Kc7 27. Rhb1 Nxe3 28. Kxe3 Rhd8 29. Ne2 Bh6+ 30. Kf2 Bc6 31. Rxb8 Rxb8 32. Rxb8 Kxb8 33. Bxa6 Bxa4 34. Bd3 Kc7 35. Ng3 Bd1 36. Ne4 Kd7 37. Bb5+ Ke7 38. Bd3 Bg4 39. Be2 Bf5 40. Bf3 Bg7 41. Ke3 Bh6+ 42. Kd3 f6 43. h5 g5 44. Bg2 Bxe4+ 45. Kxe4 f5+ 46. Kd3 g4 47. d5 e5 48. Kc4 Kd6 49. Bf1 e4 50. Bg2 Bg7 51. Bf1 e3 52. Be2 f4 53. Bxg4 Bh6 54. Bf3 Ke5 55. Be2 Bf8 56. Bf3 Kf5 57. Kb5 Ke5 58. Kc6 Kd4 59. d6 Kd3 60. d7 Be7 61. h6 e2 62. Bxe2+ Kxe2 63. h7 f3 64. h8=Q f2 65. Qe5+ Kd1 66. Qf5 1-0


[Site "https://www.chess.com"]

[Event "Titled Tuesday Blitz June 20 Early 2023"]
[White "Shapiro, Viktor"]
[Black "Gorovets, Andrey"]
[WhiteFideId "4175700"]
[BlackFideId "13504037"]
[WhiteElo "2212"]
[BlackElo "2459"]
[Result "1-0"]
[Round "6"]
[TimeControl "180+2"]
[Date "2023.06.20"]
[WhiteClock "0:00:15"]
[BlackClock "0:00:00"]
[Board "101"]

1. c4 c5 2. Nc3 g6 3. g3 Bg7 4. Bg2 Nc6 5. Nf3 e6 6. O-O Nge7 7. d3 O-O 8. Bg5 h6 9. Bd2 d5 10. a3 b6 11. cxd5 exd5 12. Rb1 a5 13. Na4 Bd7 14. Qb3 Ra6 15. e4 d4 16. Qc2 Qa8 17. b3 Rc8 18. Rbc1 g5 19. Rfe1 Ng6 20. h3 Be6 21. Nh2 Qb8 22. Rf1 f5 23. f4 gxf4 24. gxf4 Nce7 25. Rf2 Nh4 26. Kh1 Kh8 27. Rg1 Nxg2 28. Rfxg2 Bf6 29. Rg3 Qb7 30. R1g2 Raa8 31. Nb2 Rg8 32. Nf3 Rxg3 33. Rxg3 Nc6 34. Nc4 Qc7 35. Rg6 Rf8 36. e5 Bd5 37. Qd1 Bg7 38. Kh2 Ne7 39. Rg3 Qc6 40. Nd6 Rg8 41. Nh4 Kh7 42. Qh5 Qd7 43. Ng6 Bf7 44. Nxf7 1-0


[Site "https://www.chess.com"]

[Event "Titled Tuesday Blitz June 20 Early 2023"]
[White "Bruedigam, Martin"]
[Black "Rastbod, Ali"]
[WhiteFideId "24608033"]
[BlackFideId "12567477"]
[WhiteElo "2331"]
[BlackElo "2281"]
[Result "1-0"]
[Round "6"]
[TimeControl "180+2"]
[Date "2023.06.20"]
[WhiteClock "0:01:41"]
[BlackClock "0:02:01"]
[Board "102"]

1. d4 d5 2. c4 e6 3. Nc3 a6 4. cxd5 exd5 5. Nf3 c6 6. e4 dxe4 7. Ng5 Be7 8. Bc4 Bxg5 9. Qh5 g6 10. Qxg5 Qxg5 11. Bxg5 f5 12. f3 exf3 13. O-O fxg2 14. Rfe1+ Kf8 15. d5 h6 16. Bf4 Rh7 17. Bd6+ Kf7 18. dxc6+ Kf6 19. Bxg8 1-0


[Site "https://www.chess.com"]

[Event "Titled Tuesday Blitz June 20 Early 2023"]
[White "Marek, Matyas"]
[Black "Kokoszczynski, Jan"]
[WhiteFideId "335398"]
[BlackFideId "1174460"]
[WhiteElo "2302"]
[BlackElo "2139"]
[Result "1-0"]
[Round "6"]
[TimeControl "180+2"]
[Date "2023.06.20"]
[WhiteClock "0:00:21"]
[BlackClock "0:00:00"]
[Board "103"]

1. Nf3 Nf6 2. g3 g6 3. Bg2 Bg7 4. O-O O-O 5. d3 b6 6. e4 Bb7 7. e5 Ne8 8. Re1 d6 9. e6 fxe6 10. Ng5 Bxg2 11. Nxe6 Qc8 12. Kxg2 Rf6 13. Nxg7 Nxg7 14. Rxe7 Nc6 15. Re1 Qf5 16. Be3 Qd5+ 17. Kg1 Ne5 18. Nc3 Nf3+ 19. Kf1 Nxh2+ 20. Ke2 Qh5+ 21. Kd2 Nf3+ 22. Kc1 Nxe1 23. Qxe1 Re8 24. Ne4 Rfe6 25. c4 d5 26. cxd5 Qxd5 27. Kc2 c5 28. Qc3 Rxe4 29. dxe4 Qxe4+ 30. Qd3 Nf5 31. Qxe4 Rxe4 32. Bd2 Re2 33. Rf1 Kf7 34. Kd3 Re7 35. Bc3 Rd7+ 36. Kc4 h5 37. a4 g5 38. Re1 h4 39. Re5 Nd6+ 40. Kd5 Ne8+ 41. Kc6 Rd6+ 42. Kb7 h3 43. Re1 g4 44. Kxa7 Nc7 45. Rh1 Nd5 46. Be5 Re6 47. Bb8 Re2 48. b3 Rxf2 49. Kb7 Rd2 50. Kc6 Kg6 51. Bc7 h2 52. Bxb6 Nxb6 53. Kxb6 Kf5 54. a5 Ke4 55. a6 Kf3 56. Ra1 1-0


[Site "https://www.chess.com"]